 Dungeon Crawl Stone Soup version 0.20-a0-59-g66a9409 (webtiles) character file.

37 KristoblXynda the Caller (level 3, 0/14 HPs)
             Began as a Felid Summoner on Nov 16, 2016.
             Slain by a jackal (3 damage)
             ... on level 2 of the Dungeon.
             The game lasted 00:03:05 (2334 turns).

KristoblXynda the Caller (Felid Summoner)           Turns: 2334, Time: 00:03:06

Health: 0/14       AC:  1    Str:  4    XL:     3   Next: 21%
Magic:  2/7        EV: 18    Int: 17    God:
Gold:   106        SH:  0    Dex: 16    Spells: 1 memorised, 4 levels left
                                        Lives:  0   Deaths: 0

rFire  . . .     SeeInvis +       - Unarmed
rCold  . . .     Gourm    .     (armour unavailable)
rNeg   . . .     Faith    .     (shield unavailable)
rPois  .         Spirit   .     (helmet unavailable)
rElec  .         Reflect  .     (cloak unavailable)
rCorr  .         Harm     .     (gloves unavailable)
MR     .....                    (boots unavailable)
Stlth  +++.......               (no amulet)
                                (no ring)
                                (no ring)

@: quick
A: no armour, no weapons or thrown items, stealth, claws 1, fangs 3, see
invisible, carnivore 3, speed 1, shaggy fur 1, slow metabolism 1, sharp paws
a: no special abilities


You were on level 2 of the Dungeon.
You were hungry.

You visited 1 branch of the dungeon, and saw 2 of its levels.

You collected 106 gold pieces.

Inventory:

Jewellery
 m - an uncursed amulet of the gourmand {unknown}
Scrolls
 c - a scroll of amnesia
 d - a scroll of teleportation
 g - 2 scrolls of recharging
 h - a scroll of fog {unknown}
Potions
 e - a potion of mutation {unknown}
 f - 2 potions of magic {unknown}
 i - a potion of cure mutation {unknown}
 l - a potion of curing {unknown}
Books
 a - a book of Callings

   Spells                             Type                      Level
   a - Summon Small Mammal            Summoning                    1
   b - Call Imp                       Summoning                    2
   c - Call Canine Familiar           Summoning                    3
   d - Summon Guardian Golem          Hexes/Summoning              3
   e - Summon Lightning Spire         Summoning/Air                4
   f - Summon Ice Beast               Ice/Summoning                4
Comestibles
 b - a meat ration


   Skills:
 - Level 2.6 Dodging
 + Level 3.3 Stealth
 + Level 2.0 Unarmed Combat
 - Level 2.0 Spellcasting
 + Level 4.3 Summonings


You had 4 spell levels left.
You knew the following spells:

 Your Spells              Type           Power        Failure   Level  Hunger
b - Call Imp              Summ           ###.....     6%          2    ###....


Dungeon Overview and Level Annotations

Branches:
Dungeon (2/15)

Altars:


Innate Abilities, Weirdness & Mutations

You cannot wear armour.
You are incapable of wielding weapons or throwing items.
Your paws allow you to move quietly. (Stealth)
You have sharp claws.
You have razor-sharp teeth.
You have supernaturally acute eyesight. (SInv)
You are carnivorous and can eat meat at any time.
You cover ground quickly.
You are covered in fur. (AC +1)
You have a slow metabolism.
Your sharp claws are effective at attacking unaware monsters.


Message History

The jackal bites you. The jackal barely misses you.
You scratch the jackal.
You kill the jackal!
Your Unarmed Combat skill increases to level 2!
Your white imp gestures at the jackal.
The puff of frost hits the jackal.
The jackal dies!
The jackal bites you.
* * * LOW HITPOINT WARNING * * *
Your white imp hits the hobgoblin but does no damage.
The hobgoblin hits your white imp but does no damage.
Your crimson imp hits the jackal.
You see here a scroll of teleportation.
The jackal closely misses you.
Your white imp hits the hobgoblin but does no damage.
Your crimson imp hits the jackal.
You barely miss the jackal.
The jackal is heavily wounded.
The jackal bites you.
You die...

.#.##.........#.##.
##
.......)........##.
'.#.#####.#####.#....
#.#.# #.####....##.
+.#.# #5...........
#...# #.###.#......
+5†g# #5# #.##...##
#h#####.# #....... ..
#5@.....# #.......
##. #########
#....... #.. ##....##
#.. #....## #.#
####)#.#.. #.#
#...(..#.# #.#
#.##.###.# #####.#
#.##.# #.# ......###
#.##.###.#


You could see a jackal, a hobgoblin, a friendly crimson imp and a friendly white
imp.

Vanquished Creatures
  2 dart slugs (D:1)
  2 giant cockroaches
  A hobgoblin (D:2)
  A jackal (D:2)
  A kobold (D:1)
  A bat (D:1)
  2 frilled lizards (D:1)
  5 goblins
  2 rats (D:1)
17 creatures vanquished.

Vanquished Creatures (collateral kills)
  An adder (D:2)
  A worm (D:2)
  A bat (D:1)
  4 hobgoblins
  A jackal (D:2)
  A frilled lizard (D:2)
  A kobold (D:1)
  A rat (D:1)
11 creatures vanquished.

Grand Total: 28 creatures vanquished

Notes
Turn   | Place    | Note
-------+----------+-------------------------------------------
     0 | D:1      | KristoblXynda the Felid Summoner began the quest for the Orb.
     0 | D:1      | Reached XP level 1. HP: 7/7 MP: 4/4
   339 | D:1      | Reached skill level 1 in Unarmed Combat
   527 | D:1      | Reached XP level 2. HP: 11/11 MP: 6/6
  1532 | D:1      | Learned a level 2 spell: Call Imp
  1981 | D:2      | Reached XP level 3. HP: 8/14 MP: 3/7
  2334 | D:2      | Slain by a jackal

Vault maps used:
D:1:      dpeg_arrival_lava_altar, roderic_nine_men_s_morris
D:2:      first_bread, minmay_misc_feat_four_crosses, minmay_rat_gold_closets

Skill      XL: |  1  2  3 |
---------------+----------+-----
Unarmed Combat | 1 2 |  2.0
Stealth        | 3 |  3.3
Dodging        | |  2.6
Spellcasting   | |  2.0
Summonings     | |  4.3

Action                   || total
-------------------------++-------
Melee: Unarmed           ||    99
       Bite              ||     3
 Cast: Summon Small Mamm ||    19
       Call Imp          ||     7
  Use: Scroll            ||     5
 Stab: Sleeping          ||     4
       Distracted        ||     1
  Eat: Royal jelly       ||     1
Armor: Skin              ||     7
Dodge: Dodged            ||    96
